 Dungeon Crawl Stone Soup version 0.16-a0-4092-gb8933cd (webtiles) character file.

275 Crauler the Bolt Thrower (level 6, -12/47 HPs)
             Began as a Human Hunter on Feb 24, 2015.
             Mangled by an ogre
             ... wielding a +0 giant spiked club
              (19 damage)
             ... on level 4 of the Dungeon.
             The game lasted 00:20:38 (3720 turns).

Crauler the Bolt Thrower (Human Hunter)             Turns: 3720, Time: 00:20:38

Health: -12/47     AC: 11    Str: 14    XL:     6   Next: 50%
Magic:  6/6        EV: 12    Int: 12    God:
Gold:   142        SH:  0    Dex: 13    Spells: 0 memorised, 5 levels left

rFire  . . .     SeeInvis .     z - +0 mace (protect)
rCold  . . .     Clarity  .     k - +1 ring mail
rNeg   . . .     SustAb   .     (no shield)
rPois  .         Gourm    .     (no helmet)
rElec  .         Spirit   .     (no cloak)
rCorr  .         Warding  .     (no gloves)
rMut   .         Stasis   .     (no boots)
MR     .....                    (no amulet)
Stlth  +.........               (no ring)
                                d - ring of wizardry

@: not resistant to hostile enchantments, very unstealthy
A: no striking features
a: no special abilities


You were on level 4 of the Dungeon.
You were not hungry.

You visited 1 branch of the dungeon, and saw 5 of its levels.

You collected 142 gold pieces.

Inventory:

Hand weapons
 a - a +0 short sword
 b - a +1 hand crossbow
 w - the +4 mace of Eternal Vigilance {freeze, -Tele rElec rN+ Str-3 SInv}
   (You found it on level 4 of the Dungeon)

   It has been specially enchanted to freeze those struck by it, causing extra
   injury to most foes and up to half again as much damage against particularly
   susceptible opponents.
   It can also slow down cold-blooded creatures.
   It affects your strength (-3).
   It insulates you from electricity.
   It protects you from negative energy.
   It enhances your eyesight.
   It prevents most forms of teleportation.
 z - a +0 mace of protection (weapon)
Missiles
 c - 58 bolts
Armour
 k - a +1 ring mail (worn)
Jewellery
 d - a ring of wizardry (left hand)
Scrolls
 g - a scroll of magic mapping
 l - 2 scrolls of fog
 n - 2 scrolls of remove curse
 p - 3 scrolls of identify
 r - a scroll of teleportation {unknown}
 t - a scroll of random uselessness {unknown}
 u - a scroll of amnesia {unknown}
 v - a scroll of blinking {unknown}
 y - a scroll of enchant armour
Potions
 e - 2 potions of ambrosia {unknown}
 h - 3 potions of curing {unknown}
 j - a potion of invisibility {unknown}
 m - a potion of haste {unknown}
 o - 2 potions of poison {unknown}
 q - 3 potions of agility {unknown}
 s - a potion of restore abilities {unknown}
Comestibles
 f - 2 bread rations
 i - a meat ration
 x - 2 fruits


   Skills:
 + Level 3.3 Fighting
 - Level 2.3 Short Blades
 + Level 0.2 Maces & Flails
 + Level 5.2 Crossbows
 + Level 1.1 Armour
 + Level 3.5 Dodging
 - Level 1.0 Stealth


You had 5 spell levels left.
You didn't know any spells.

Dungeon Overview and Level Annotations

Branches:
Dungeon (5/15)
 Temple: D:4-7

Altars:

Shops:
D:5 [

Annotations:
D:3 Sigmund
D:4 esc's ghost, average MiGl
D:5 haldagan's ghost, average OpFi


Message History

The ogre closely misses you.
You hit the ogre.
The ogre is heavily wounded.
The ogre hits you with a giant spiked club!
Your ring mail prevents you from hitting the ogre.
The ogre is heavily wounded.
The ogre hits you with a giant spiked club!
You closely miss the goblin.
The goblin unwields an uncursed hunting sling.
The goblin hits you.
The goblin unwields an uncursed hunting sling.
The goblin hits you.
* * * LOW HITPOINT WARNING * * *
The ogre hits you with a giant spiked club!
* * * LOW HITPOINT WARNING * * *
The goblin closely misses you.
You closely miss the goblin. The goblin hits you but does no damage.
The goblin misses you. The goblin hits you but does no damage.
The ogre hits you with a giant spiked club!!
You die...

...#......###..#.##............#
..######.......................#
###.##.....###...##............##
.............................
######.....####..##............##
†................##..............
########......#..##............##
#.........b.#gg##............#
#.####......(#@##............##
#.......#O##.............#
#........gb...######.###..
#......(.>....# #.# ##.
####.....(((.....######.# #.
#.......(...............# ##
###.##..g((.#####..############
.........(......................
........g.......................


You could see an ogre, a hobgoblin, 2 goblins and a bat.

Vanquished Creatures
  A centaur (D:5)
  An orc priest (D:3)
  8 adders
  A worm (D:2)
  A giant gecko (D:5)
  An ooze (D:3)
  6 orcs
  6 bats
  A bat skeleton (D:4)
  5 giant cockroaches
  7 goblins
  10 hobgoblins
  9 jackals
  A quokka (D:2)
  4 giant newts
  6 kobolds
  12 rats
80 creatures vanquished.

Notes
Turn   | Place    | Note
--------------------------------------------------------------
     0 | D:1      | Crauler, the Human Hunter, began the quest for the Orb.
     0 | D:1      | Reached XP level 1. HP: 16/16 MP: 1/1
   214 | D:1      | Reached XP level 2. HP: 22/22 MP: 2/2
   427 | D:1      | Reached XP level 3. HP: 25/27 MP: 3/3
   851 | D:1      | Reached skill level 1 in Short Blades
  1100 | D:2      | Reached XP level 4. HP: 33/33 MP: 4/4
  1911 | D:3      | Reached XP level 5. HP: 39/39 MP: 5/5
  2078 | D:3      | Reached skill level 5 in Crossbows
  2384 | D:3      | Noticed Sigmund
  2703 | D:4      | Noticed esc's ghost (average MiGl)
  2708 | D:4      | Got a transparent mace
  2717 | D:5      | Entered Level 5 of the Dungeon
  2717 | D:5      | Noticed an ice beast
  2727 | D:5      | Found Truo's Antique Armour Shoppe.
  3048 | D:5      | Identified the +4 mace of Eternal Vigilance {freeze, -Tele rElec rN+ Str-3 SInv} (You found it on level 4 of the Dungeon)
  3093 | D:5      | Noticed a centaur
  3104 | D:5      | Killed a centaur
  3104 | D:5      | Reached skill level 1 in Armour
  3104 | D:5      | Reached XP level 6. HP: 10/47 MP: 6/6
  3331 | D:5      | Noticed haldagan's ghost (average OpFi)
  3701 | D:4      | Noticed an ogre
  3720 | D:4      | Mangled by an ogre

Action                   |  1- 3 |  4- 6 || total
-------------------------+-------+-------++-------
Melee: Short sword       |   131 |   191 ||   322
       Mace              |       |    39 ||    39
 Fire: Hand crossbow     |    11 |    13 ||    24
  Use: Scroll            |       |     6 ||     6
  Eat: Chunk             |     1 |     8 ||     9
